 Dungeon Crawl Stone Soup version 0.31-a0-618-g7ca08c1ff9 (webtiles) character file.

Game seed: 6294786466374778049

84 RepHenryClay the Cudgeller (level 4, 0/39 HPs)
             Began as a Minotaur Delver on Aug 22, 2023.
             Succumbed to an adder's poison
             ... on level 3 of the Dungeon.
             The game lasted 00:02:05 (559 turns).

RepHenryClay the Cudgeller (Minotaur Delver)         Turns: 559, Time: 00:02:05

Health: 0/39       AC:  3    Str: 18    XL:     4   Next: 24%
Magic:  3/3        EV: 12    Int:  7    God:
Gold:   11         SH:  0    Dex: 12    Spells: 3/3 levels left

rFire   . . .        h - +0 morningstar
rCold   . . .        (no shield)
rNeg    . . .        b - +0 leather armour
rPois   .            (helmet restricted)
rElec   .            (no cloak)
rCorr   .            (no gloves)
SInv    .            (no boots)
Will    .....        (no amulet)
Stlth   ++           (no ring)
HPRegen 0.26/turn    (no ring)
MPRegen 0.08/turn

%: no passive effects
@: lethally poisoned (0 -> -1), hasted, very quick
A: horns 2, retaliatory headbutt
a: no special abilities


You were on level 3 of the Dungeon.
You visited 1 branch of the dungeon, and saw 3 of its levels.

You collected 11 gold pieces.

Inventory:

Hand Weapons
 a - a +0 mace
 h - a +0 morningstar (weapon)
Armour
 b - a +0 leather armour (worn)
Wands
 g - a wand of digging (3)
Scrolls
 c - a scroll of fog
 d - a scroll of revelation
 e - a scroll of fear
 i - a scroll of teleportation {unknown}


   Skills:
 - Level 3.6 Fighting
 + Level 4.2 Maces & Flails
 + Level 3.2 Armour
 - Level 2.1 Dodging
 - Level 4.1 Stealth


You had 3 spell levels left.
You didn't know any spells.
Your spell library was empty.

Dungeon Overview and Level Annotations

Branches:
Dungeon (5/15)
 Temple: D:4-7

Altars:


Innate Abilities, Weirdness & Mutations

You have a pair of horns on your head.
You reflexively headbutt those who attack you in melee.


Message History

You have reached level 4!
You feel agile. The orc attacks as it pursues you! The orc barely misses you.
The orc attacks as it pursues you! The orc hits you with a +0 whip.
* * * LOW HITPOINT WARNING * * *
Huge Dmg: -5%(-2hp) hp: 16%(6hp)
An adder comes into view.
Found a stone staircase leading up.
The adder hisses angrily.
The adder bites you but does no damage. The adder bites you.
* * * LOW HITPOINT WARNING * * *
You are lethally poisoned!
The adder poisons you!
Huge Dmg: -5%(-2hp) hp: 13%(5hp)
* * * LOW HITPOINT WARNING * * *
You feel sick.
There is a stone staircase leading up here.
Damage: -2%(-1hp) hp: 11%(4hp) Unknown command.
You aren't carrying any potions.
You thump the adder!
The adder is severely wounded.
* * * LOW HITPOINT WARNING * * *
You feel sick.
Huge Dmg: -3%(-1hp) hp: 8%(3hp)
You puncture the adder!
You kill the adder!
* * * LOW HITPOINT WARNING * * *
You feel sick.
Huge Dmg: -2%(-1hp) hp: 6%(2hp)
* * * LOW HITPOINT WARNING * * *
You feel sick.
You climb upwards.
There is a stone staircase leading down here.
Unknown command.
* * * LOW HITPOINT WARNING * * *
You feel sick.
Huge Dmg: -3%(-1hp) hp: 3%(1hp)
You die...

### #..
#.# #.#
#.# #@#
#.#
#.#####..
#>.......
#........
#.#####..
#.# #.#
#.#


There were no monsters in sight!

Vanquished Creatures
  A hound (D:4)
  An iguana (D:5)
  3 adders
  A goblin (D:4)
6 creatures vanquished.

Notes
Turn   | Place    | Note
-------+----------+-------------------------------------------
     0 | D:5      | RepHenryClay the Minotaur Delver began the quest for the
                  | Orb.
     0 | D:5      | Reached XP level 1. HP: 19/19 MP: 0/0
   109 | D:5      | Noticed an ogre
   144 | D:5      | Reached skill level 1 in Armour
   144 | D:5      | Reached XP level 2. HP: 14/26 MP: 1/1
   333 | D:5      | Reached XP level 3. HP: 18/31 MP: 2/2
   544 | D:4      | Reached XP level 4. HP: 8/39 MP: 3/3
   557 | D:3      | HP: 1/39 [poisoned by an adder]
   559 | D:3      | Succumbed to an adder's poison

Illustrated notes

Levels and vault maps discovered:
D:3:      layout_basic
D:4:      layout_gridville, gammafunk_ghost_smash, uniq_eustachio
D:5:      layout_loops_corners, mainiacjoe_overflow_alcove_2,
          nicolae_nh_ransacked_shop

Skill      XL: |  1  2  3 |
---------------+----------+-----
Maces & Flails | 3 4 |  4.2
Armour         | 1 2 3 |  3.2
Fighting       | |  3.6
Dodging        | |  2.1
Stealth        | |  4.1

Action                     |  1- 3 |  4- 6 || total
---------------------------+-------+-------++-------
  Melee: Morningstar       |    16 |     2 ||    18
         Headbutt          |     3 |       ||     3
    Use: Potion            |     1 |       ||     1
 Armour: Leather armour    |     5 |     1 ||     6
  Dodge: Dodged            |    16 |     1 ||    17

Table legend: (Time is in decaauts)
 A = Elapsed time spent in this place.
 B = Non-inter-level travel time spent in this place.
 C = Inter-level travel time spent in this place.
 D = Time resting spent in this place.
 E = Time spent auto-exploring this place.
 F = Levels seen in this place.
 G = Mean time per level.
                   A        B        C        D        E       F      G
               +--------+--------+--------+--------+--------+-----+--------+
         Total |    558 |    518 |     40 |    133 |    172 |   3 |  186.0 |
       Dungeon |    558 |    518 |     40 |    133 |    172 |   3 |  186.0 |
               +--------+--------+--------+--------+--------+-----+--------+

Top non-repeatable levels by time:
     D:5: 525 daAuts
     D:4: 31 daAuts
     D:3: 1 daAuts
